Workbook

Sheet Dashboard
B2: Ground Leases
B4: FORMULAPLANET • EUR • v1.2 • Illustrative inputs • Pre-tax
B5: Active case (1 base / 2 downside) | C5: =Assumptions!C6 -> 1
B8: Equity invested | C8: =-SUMIF(Forecast!C16:M16,"<0",Forecast!C16:M16) -> 10600000
B9: Equity distributed | C9: =SUMIF(Forecast!C16:M16,">0",Forecast!C16:M16) -> 18406992
B10: Annualized equity IRR | C10: =IF(AND(C8>0,C9>0),(1+IFERROR(IRR(Forecast!C16:M16),IRR(Forecast!C16:M16,0)))^1-1,"n.a.") -> 0.069989454
B11: Equity multiple / MOIC | C11: =IF(C8>0,C9/C8,0) -> 1.7365087
B12: Net equity profit | C12: =C9-C8 -> 7806992.1
B14: Investment NPV | C14: =SUM(Forecast!C17:M17) -> -1421686.4
B15: DCF asset value before buying costs | C15: =SUM(Forecast!D17:M17) -> 9178313.6
B16: Year 1 net operating income | C16: =Forecast!D11 -> 625000
B17: Direct capitalization value | C17: =C16/Assumptions!$E$16 -> 10416667
B18: Going-in cap rate | C18: =C16/Assumptions!$E$8 -> 0.0625
B19: Net initial yield | C19: =(C16-Assumptions!$E$15)/C8 -> 0.058962264
B26: Select base / downside in Assumptions. Review Checks before relying on returns. The workbook is a planning tool; figures do not verify market data.

Sheet Assumptions
B2: Assumptions
B4: FORMULAPLANET • EUR • v1.2 • Illustrative inputs • Pre-tax
B6: Case: 1 base / 2 downside | C6: 1
C7: Base | D7: Downside | E7: Active
B8: Land acquisition price | C8: 10000000 | D8: 10000000 | E8: =IF($C$6=2,D8,C8) -> 10000000
B9: Acquisition cost rate | C9: 0.06 | D9: 0.06 | E9: =IF($C$6=2,D9,C9) -> 0.06
B10: Annual contractual ground rent | C10: 650000 | D10: 585000 | E10: =IF($C$6=2,D10,C10) -> 650000
B11: Vacancy / collection loss | C11: 0 | D11: 0.02 | E11: =IF($C$6=2,D11,C11) -> 0
B12: Annual landlord operating costs | C12: 25000 | D12: 30000 | E12: =IF($C$6=2,D12,C12) -> 25000
B13: Annual income / rent growth | C13: 0.025 | D13: 0.01 | E13: =IF($C$6=2,D13,C13) -> 0.025
B14: Annual cost inflation | C14: 0.025 | D14: 0.04 | E14: =IF($C$6=2,D14,C14) -> 0.025
B15: Annual recurring capex | C15: 0 | D15: 0 | E15: =IF($C$6=2,D15,C15) -> 0
B16: Terminal capitalization rate | C16: 0.06 | D16: 0.07 | E16: =IF($C$6=2,D16,C16) -> 0.06
B17: Discount rate | C17: 0.09 | D17: 0.11 | E17: =IF($C$6=2,D17,C17) -> 0.09
B18: Selling cost rate | C18: 0.02 | D18: 0.02 | E18: =IF($C$6=2,D18,C18) -> 0.02
B19: Lease / DCF term in years (1–10) | C19: 10 | D19: 10 | E19: =IF($C$6=2,D19,C19) -> 10
... B21: Ground lease land reversion value | C21: 12000000 | D21: 10000000 | E21: =IF($C$6=2,D21,C21) -> 12000000

Sheet Forecast
B2: Forecast
B4: FORMULAPLANET • EUR • v1.2 • Illustrative inputs • Pre-tax
B5: Active case (1 base / 2 downside) | C5: =Assumptions!C6 -> 1
B6: Year | C6: =0 -> 0 | D6: =1 -> 1 | E6: =2 -> 2 | F6: =3 -> 3 | G6: =4 -> 4 | H6: =5 -> 5 | I6: =6 -> 6 | J6: =7 -> 7 | K6: =8 -> 8 | L6: =9 -> 9 | M6: =10 -> 10
B8: Gross rent | C8: =0 -> 0 | D8: =IF(D$6<=Assumptions!$E$19,Assumptions!$E$10*(1+Assumptions!$E$13)^(INT((D$6-1)/Assumptions!$E$20)*Assumptions!$E$20),0) -> 650000 | E8: =IF(E$6<=Assumptions!$E$19,Assumptions!$E$10*(1+Assumptions!$E$13)^(INT((E$6-1)/Assumptions!$E$20)*Assumptions!$E$20),0) -> 650000 | F8: =IF(F$6<=Assumptions!$E$19,Assumptions!$E$10*(1+Assumptions!$E$13)^(INT((F$6-1)/Assumptions!$E$20)*Assumptions!$E$20),0) -> 650000 | G8: =IF(G$6<=Assumptions!$E$19,Assumptions!$E$10*(1+Assumptions!$E$13)^(INT((G$6-1)/Assumptions!$E$20)*Assumptions!$E$20),0) -> 650000 | H8: =IF(H$6<=Assumptions!$E$19,Assumptions!$E$10*(1+Assumptions!$E$13)^(INT((H$6-1)/Assumptions!$E$20)*Assumptions!$E$20),0) -> 650000 | I8: =IF(I$6<=Assumptions!$E$19,Assumptions!$E$10*(1+Assumptions!$E$13)^(INT((I$6-1)/Assumptions!$E$20)*Assumptions!$E$20),0) -> 735415.34 | J8: =IF(J$6<=Assumptions!$E$19,Assumptions!$E$10*(1+Assumptions!$E$13)^(INT((J$6-1)/Assumptions!$E$20)*Assumptions!$E$20),0) -> 735415.34 | K8: =IF(K$6<=Assumptions!$E$19,Assumptions!$E$10*(1+Assumptions!$E$13)^(INT((K$6-1)/Assumptions!$E$20)*Assumptions!$E$20),0) -> 735415.34 | ... M8: =IF(M$6<=Assumptions!$E$19,Assumptions!$E$10*(1+Assumptions!$E$13)^(INT((M$6-1)/Assumptions!$E$20)*Assumptions!$E$20),0) -> 735415.34
B9: Collection / vacancy loss | C9: =C8*Assumptions!$E$11 -> 0 | D9: =D8*Assumptions!$E$11 -> 0 | E9: =E8*Assumptions!$E$11 -> 0 | F9: =F8*Assumptions!$E$11 -> 0 | G9: =G8*Assumptions!$E$11 -> 0 | H9: =H8*Assumptions!$E$11 -> 0 | I9: =I8*Assumptions!$E$11 -> 0 | J9: =J8*Assumptions!$E$11 -> 0 | ... M9: =M8*Assumptions!$E$11 -> 0
B10: Landlord operating costs | C10: =0 -> 0 | D10: =IF(D$6<=Assumptions!$E$19,Assumptions!$E$12*(1+Assumptions!$E$14)^(D$6-1),0) -> 25000 | E10: =IF(E$6<=Assumptions!$E$19,Assumptions!$E$12*(1+Assumptions!$E$14)^(E$6-1),0) -> 25625 | F10: =IF(F$6<=Assumptions!$E$19,Assumptions!$E$12*(1+Assumptions!$E$14)^(F$6-1),0) -> 26265.625 | G10: =IF(G$6<=Assumptions!$E$19,Assumptions!$E$12*(1+Assumptions!$E$14)^(G$6-1),0) -> 26922.266 | H10: =IF(H$6<=Assumptions!$E$19,Assumptions!$E$12*(1+Assumptions!$E$14)^(H$6-1),0) -> 27595.322 | I10: =IF(I$6<=Assumptions!$E$19,Assumptions!$E$12*(1+Assumptions!$E$14)^(I$6-1),0) -> 28285.205 | J10: =IF(J$6<=Assumptions!$E$19,Assumptions!$E$12*(1+Assumptions!$E$14)^(J$6-1),0) -> 28992.335 | K10: =IF(K$6<=Assumptions!$E$19,Assumptions!$E$12*(1+Assumptions!$E$14)^(K$6-1),0) -> 29717.144 | ... M10: =IF(M$6<=Assumptions!$E$19,Assumptions!$E$12*(1+Assumptions!$E$14)^(M$6-1),0) -> 31221.574
B11: NOI | C11: =C8-SUM(C9:C10) -> 0 | D11: =D8-SUM(D9:D10) -> 625000 | E11: =E8-SUM(E9:E10) -> 624375 | F11: =F8-SUM(F9:F10) -> 623734.38 | G11: =G8-SUM(G9:G10) -> 623077.73 | H11: =H8-SUM(H9:H10) -> 622404.68 | I11: =I8-SUM(I9:I10) -> 707130.13 | J11: =J8-SUM(J9:J10) -> 706423 | ... M11: =M8-SUM(M9:M10) -> 704193.76
B12: Recurring capex | C12: =0 -> 0 | D12: =IF(D$6<=Assumptions!$E$19,Assumptions!$E$15,0) -> 0 | E12: =IF(E$6<=Assumptions!$E$19,Assumptions!$E$15,0) -> 0 | F12: =IF(F$6<=Assumptions!$E$19,Assumptions!$E$15,0) -> 0 | G12: =IF(G$6<=Assumptions!$E$19,Assumptions!$E$15,0) -> 0 | H12: =IF(H$6<=Assumptions!$E$19,Assumptions!$E$15,0) -> 0 | I12: =IF(I$6<=Assumptions!$E$19,Assumptions!$E$15,0) -> 0 | J12: =IF(J$6<=Assumptions!$E$19,Assumptions!$E$15,0) -> 0 | K12: =IF(K$6<=Assumptions!$E$19,Assumptions!$E$15,0) -> 0 | ... M12: =IF(M$6<=Assumptions!$E$19,Assumptions!$E$15,0) -> 0
B13: Gross terminal / reversion value | C13: =0 -> 0 | D13: =IF(D$6=Assumptions!$E$19,Assumptions!$E$21,0) -> 0 | E13: =IF(E$6=Assumptions!$E$19,Assumptions!$E$21,0) -> 0 | F13: =IF(F$6=Assumptions!$E$19,Assumptions!$E$21,0) -> 0 | G13: =IF(G$6=Assumptions!$E$19,Assumptions!$E$21,0) -> 0 | H13: =IF(H$6=Assumptions!$E$19,Assumptions!$E$21,0) -> 0 | I13: =IF(I$6=Assumptions!$E$19,Assumptions!$E$21,0) -> 0 | J13: =IF(J$6=Assumptions!$E$19,Assumptions!$E$21,0) -> 0 | K13: =IF(K$6=Assumptions!$E$19,Assumptions!$E$21,0) -> 0 | ... M13: =IF(M$6=Assumptions!$E$19,Assumptions!$E$21,0) -> 12000000
B14: Selling costs | C14: =C13*Assumptions!$E$18 -> 0 | D14: =D13*Assumptions!$E$18 -> 0 | E14: =E13*Assumptions!$E$18 -> 0 | F14: =F13*Assumptions!$E$18 -> 0 | G14: =G13*Assumptions!$E$18 -> 0 | H14: =H13*Assumptions!$E$18 -> 0 | I14: =I13*Assumptions!$E$18 -> 0 | J14: =J13*Assumptions!$E$18 -> 0 | ... M14: =M13*Assumptions!$E$18 -> 240000
B15: Acquisition incl. costs | C15: =Assumptions!$E$8*(1+Assumptions!$E$9) -> 10600000 | D15: =0 -> 0 | E15: =0 -> 0 | F15: =0 -> 0 | G15: =0 -> 0 | H15: =0 -> 0 | I15: =0 -> 0 | J15: =0 -> 0 | K15: =0 -> 0 | ... M15: =0 -> 0
B16: Net investment cash flow | C16: =SUM(C11,C13)-SUM(C12,C14:C15) -> -10600000 | D16: =SUM(D11,D13)-SUM(D12,D14:D15) -> 625000 | E16: =SUM(E11,E13)-SUM(E12,E14:E15) -> 624375 | F16: =SUM(F11,F13)-SUM(F12,F14:F15) -> 623734.38 | G16: =SUM(G11,G13)-SUM(G12,G14:G15) -> 623077.73 | H16: =SUM(H11,H13)-SUM(H12,H14:H15) -> 622404.68 | I16: =SUM(I11,I13)-SUM(I12,I14:I15) -> 707130.13 | J16: =SUM(J11,J13)-SUM(J12,J14:J15) -> 706423 | ... M16: =SUM(M11,M13)-SUM(M12,M14:M15) -> 12464194
B17: Present value | C17: =C16/(1+Assumptions!$E$17)^C$6 -> -10600000 | D17: =D16/(1+Assumptions!$E$17)^D$6 -> 573394.5 | E17: =E16/(1+Assumptions!$E$17)^E$6 -> 525523.95 | F17: =F16/(1+Assumptions!$E$17)^F$6 -> 481637.38 | G17: =G16/(1+Assumptions!$E$17)^G$6 -> 441403.98 | H17: =H16/(1+Assumptions!$E$17)^H$6 -> 404520.34 | I17: =I16/(1+Assumptions!$E$17)^I$6 -> 421638.59 | J17: =J16/(1+Assumptions!$E$17)^J$6 -> 386437.57 | ... M17: =M16/(1+Assumptions!$E$17)^M$6 -> 5265010.1

Sheet Sensitivity
B2: Sensitivity
B4: FORMULAPLANET • EUR • v1.2 • Illustrative inputs • Pre-tax
B5: Active case (1 base / 2 downside) | C5: =Assumptions!C6 -> 1
B6: Gross value sensitivity: forward annual income vs capitalization / yield. This isolates valuation; it is not a full-model IRR sensitivity.
C9: =Assumptions!$E$16+-0.01 -> 0.05 | D9: =Assumptions!$E$16+-0.005 -> 0.055 | E9: =Assumptions!$E$16+0 -> 0.06 | F9: =Assumptions!$E$16+0.005 -> 0.065 | G9: =Assumptions!$E$16+0.01 -> 0.07
B10: -0.1 | C10: =Forecast!D11*(1+$B10)/C$9 -> 11250000 | D10: =Forecast!D11*(1+$B10)/D$9 -> 10227273 | E10: =Forecast!D11*(1+$B10)/E$9 -> 9375000 | F10: =Forecast!D11*(1+$B10)/F$9 -> 8653846.2 | G10: =Forecast!D11*(1+$B10)/G$9 -> 8035714.3
B11: -0.05 | C11: =Forecast!D11*(1+$B11)/C$9 -> 11875000 | D11: =Forecast!D11*(1+$B11)/D$9 -> 10795455 | E11: =Forecast!D11*(1+$B11)/E$9 -> 9895833.3 | F11: =Forecast!D11*(1+$B11)/F$9 -> 9134615.4 | G11: =Forecast!D11*(1+$B11)/G$9 -> 8482142.9
B12: 0 | C12: =Forecast!D11*(1+$B12)/C$9 -> 12500000 | D12: =Forecast!D11*(1+$B12)/D$9 -> 11363636 | E12: =Forecast!D11*(1+$B12)/E$9 -> 10416667 | F12: =Forecast!D11*(1+$B12)/F$9 -> 9615384.6 | G12: =Forecast!D11*(1+$B12)/G$9 -> 8928571.4
B13: 0.05 | C13: =Forecast!D11*(1+$B13)/C$9 -> 13125000 | D13: =Forecast!D11*(1+$B13)/D$9 -> 11931818 | E13: =Forecast!D11*(1+$B13)/E$9 -> 10937500 | F13: =Forecast!D11*(1+$B13)/F$9 -> 10096154 | G13: =Forecast!D11*(1+$B13)/G$9 -> 9375000
B14: 0.1 | C14: =Forecast!D11*(1+$B14)/C$9 -> 13750000 | D14: =Forecast!D11*(1+$B14)/D$9 -> 12500000 | E14: =Forecast!D11*(1+$B14)/E$9 -> 11458333 | F14: =Forecast!D11*(1+$B14)/F$9 -> 10576923 | G14: =Forecast!D11*(1+$B14)/G$9 -> 9821428.6

Sheet Checks
B2: Checks
B4: FORMULAPLANET • EUR • v1.2 • Illustrative inputs • Pre-tax
B5: Active case (1 base / 2 downside) | C5: =Assumptions!C6 -> 1
B8: Cash flow reconciliation (zero) | C8: =SUM(Forecast!C11:M11,Forecast!C13:M13)-SUM(Forecast!C12:M12,Forecast!C14:M15)-SUM(Forecast!C16:M16) -> -9.3132257e-10
B12: Dashboard IRR calculation | C12: =IF(OR(ISERROR(Dashboard!C10)),"IRR ERROR","OK") -> OK

Sheet ReadMe
B2: ReadMe
B4: FORMULAPLANET • EUR • v1.2 • Illustrative inputs • Pre-tax
B5: Active case (1 base / 2 downside) | C5: =Assumptions!C6 -> 1
B6: Ground Leases — editable, formula-driven underwriting workbook. Change the yellow / blue cells in Assumptions. Select case 2 for a downside through the same schedules.
B9: Inputs are illustrative, not researched market evidence. All values are EUR, nominal and before income tax / VAT. Acquisition costs are an explicit assumption. No macros, external links or hidden worksheets.
B12: Cash flow timing is stated on the forecast. Review financing covenants, operating assumptions and local taxes for your project. IRR may be undefined or non-unique for cash flows with multiple sign changes.
B15: Blue = editable input; green = linked assumption; dark = calculated output. Negative values are parenthesized. Checks are diagnostic only and do not drive the model. FormulaPlanet free-use licence: use and edit for your own organisation, studies and client analysis; do not sell or redistribute the original files.
B19: Ground lease: landlord perspective, stepped rent at each review interval, finite lease term and explicit land / improvement reversion. Reversion is independent of rent capitalization. Term is 1–10 years; longer lease analysis requires extending the annual schedule.
